 Dungeon Crawl Stone Soup version 0.17-a0-910-ga669010 (webtiles) character file.

8386 laxity the Arsonist (level 11, -2/54 HPs)
             Began as a Deep Elf Fire Elementalist on May 2, 2015.
             Was a Believer of Vehumet.
             Slain by a hill giant
             ... wielding a +0 giant spiked club
              (24 damage)
             ... on level 10 of the Dungeon.
             The game lasted 00:31:44 (11692 turns).

laxity the Arsonist (Deep Elf Fire Elementalist)   Turns: 11692, Time: 00:31:44

Health: -2/54      AC: 11    Str:  5    XL:     11   Next: 9%
Magic:  15/29      EV: 13    Int: 24    God:    Vehumet [**....]
Gold:   550        SH:  0    Dex: 15    Spells: 5 memorised, 19 levels left

rFire  . . .     SeeInvis .     C - +2 dagger (protect)
rCold  . . .     Clarity  .     a - +0 robe
rNeg   . . .     SustAb   +     (no shield)
rPois  .         Gourm    .     (no helmet)
rElec  .         Spirit   .     A - +1 cloak
rCorr  .         Warding  .     D - +0 pair of gloves
rMut   .         Stasis   .     x - +0 pair of boots
MR     +....                    (no amulet)
Stlth  ++........               (no ring)
                                E - ring of sustain abilities

@: somewhat resistant to hostile enchantments, unstealthy
A: no striking features
a: Renounce Religion


You were on level 10 of the Dungeon.
You worshipped Vehumet.
Vehumet was pleased with you.
You were not hungry.

You visited 2 branches of the dungeon, and saw 11 of its levels.
You also visited: Ossuary.

You collected 550 gold pieces.

Inventory:

Hand weapons
 k - a +0 quarterstaff of venom
 C - a +2 dagger of protection (weapon)
Armour
 a - a +0 robe (worn)
 x - a +0 pair of boots (worn)
 A - a +1 cloak (worn)
 D - a +0 pair of gloves (worn)
Jewellery
 E - a ring of sustain abilities (left hand)
Magical devices
 h - a wand of fire (7)
 y - a wand of lightning (9)
 I - a wand of confusion (33)
Scrolls
 d - 3 scrolls of remove curse
 j - 2 scrolls of random uselessness
 l - 2 scrolls of enchant weapon
 m - 4 scrolls of enchant armour
 v - 2 scrolls of teleportation
 w - a scroll of amnesia
 B - 3 scrolls of identify
 J - a scroll of recharging
 K - a scroll of holy word
Potions
 e - 4 potions of heal wounds
 f - 3 potions of agility
 g - a potion of invisibility
 i - 2 potions of brilliance
 o - 6 potions of curing
 p - 2 potions of haste
 q - 4 potions of might
 r - a potion of berserk rage
 s - a potion of flight
 t - 2 potions of degeneration
 z - a potion of mutation
Books
 b - a book of Flames

   Spells                             Type                      Level
   a - Flame Tongue                   Conjuration/Fire             1
   b - Throw Flame                    Conjuration/Fire             2
   c - Conjure Flame                  Conjuration/Fire             3
   d - Inner Flame                    Hexes/Fire                   3
   e - Sticky Flame                   Conjuration/Fire             4
   f - Fireball                       Conjuration/Fire             5
Comestibles
 c - 8 bread rations
 n - 8 meat rations
 u - a royal jelly
 F - 12 fruits
 G - 6 slices of pizza


   Skills:
 - Level 3.0 Staves
 - Level 2.4 Dodging
 - Level 2.4 Stealth
 - Level 12.0 Spellcasting
 - Level 10.1 Conjurations
 + Level 12.1 Fire Magic


You had 19 spell levels left.
You knew the following spells:

 Your Spells              Type           Power        Failure   Level  Hunger
a - Flame Tongue          Conj/Fire      #####        1%          1    None
b - Throw Flame           Conj/Fire      ######       1%          2    None
c - Conjure Flame         Conj/Fire      ######..     1%          3    None
d - Sticky Flame          Conj/Fire      ######..     1%          4    None
e - Fireball              Conj/Fire      ######....   1%          5    ###....


Dungeon Overview and Level Annotations

Branches:
Dungeon (10/15)            Temple (1/1) D:4
   Lair: D:8-11         Orc: D:9-12

Altars:
Ashenzari
Cheibriados
Dithmenos
Elyvilon
Fedhas
Gozag
Kikubaaqudgha
Makhleb
Nemelex Xobeh
Okawaru
Qazlal
Ru
Sif Muna
Trog
Vehumet
Xom
Yredelemnul
Zin
The Shining One


Message History

* * * LOW HITPOINT WARNING * * *
The hill giant burns!
The hill giant burns!
The hill giant burns!
The hill giant burns!
The hill giant burns!
The orc priest glows brightly for a moment.
The hill giant burns!
The hill giant burns!
The hill giant burns!
Casting: Sticky Flame
Confirm with . or Enter, or press ? or * to list all spells.
Aiming: Flame Tongue
Press: ? - help, Shift-Dir - straight line, f/p - hill giant
Aim: a hill giant, wielding a giant spiked club (almost dead, covered in liquid flames)
The flame tongue hits the hill giant.
The hill giant is almost dead.
The hill giant burns!
The hill giant hits you with a giant spiked club!!
You die...

###...#......
......####...
#######.......'...
#.....#...##..#...
#.....#...##..#...
#.....#.......#...
#.....#.......#...
#..##.#.......###.
###@.##.####......#.
#..C.......#..###.#.
#..........#..# #.#.
#..........#..# #.+.
#..o.......#..# #.#.
#..........'..# #.#.
+..........#..###.#.
#.o..#######......##
###+##....# ########


You could see a hill giant (burning), an orc priest and an orc.

Vanquished Creatures
  Erolcha (D:9)
  A hydra (D:8)
  An unseen horror (D:7)
  Grinder (D:4)
  A two-headed ogre (D:9)
  6 yaks
  Sigmund (D:3)
  A hippogriff (D:7)
  A hungry ghost (D:9)
  Edmund (D:5)
  An orc warrior (D:6)
  A sky beast (D:9)
  A necrophage (D:6)
  An ice beast (D:9)
  2 black bears
  3 centaurs
  5 ogres
  Blork the orc (D:5)
  5 giant frogs
  4 big kobolds (D:8)
  5 elf zombies (Ossuary)
  4 killer bees (D:8)
  A scorpion (D:8)
  4 centaur zombies
  4 orc priests
  8 hounds
  4 human zombies (Ossuary)
  3 giant frog zombies
  3 jellies
  2 iguanas (D:7)
  2 giant frog skeletons
  2 quasits
  2 crimson imps
  A gnoll shaman (D:8)
  A centaur skeleton (D:5)
  11 orc wizards
  2 worker ants (D:4)
  2 sheep (D:8)
  3 mummies (Ossuary)
  2 hound skeletons
  11 gnolls
  9 adders
  A shadow imp (D:9)
  An ooze (D:1)
  An adder skeleton (D:5)
  2 worms
  4 giant geckos
  34 orcs
  A bat skeleton (D:6)
  7 giant cockroaches
  16 hobgoblins
  14 jackals
  23 kobolds
  4 quokkas
  9 bats
  3 giant newts
  15 goblins
  A goblin zombie (D:6)
  A jackal zombie (D:8)
  2 quokka skeletons (D:5)
  A quokka zombie (D:6)
  11 rats
  9 ballistomycetes (D:9)
285 creatures vanquished.

Vanquished Creatures (others)
  An adder (D:3)
  A giant spore (D:9)
2 creatures vanquished.

Grand Total: 287 creatures vanquished

Notes
Turn   | Place    | Note
--------------------------------------------------------------
     0 | D:1      | laxity, the Deep Elf Fire Elementalist, began the quest for the Orb.
     0 | D:1      | Reached XP level 1. HP: 10/10 MP: 6/6
   270 | D:1      | Reached XP level 2. HP: 15/15 MP: 4/8
   274 | D:1      | Learned a level 2 spell: Throw Flame
   843 | D:2      | Reached XP level 3. HP: 19/19 MP: 7/10
   851 | D:2      | Learned a level 3 spell: Conjure Flame
   877 | D:2      | Found a shattered altar of Ashenzari.
  1084 | D:2      | Found an opulent altar of Gozag.
  1361 | D:2      | Reached skill level 4 in Spellcasting
  1545 | D:3      | Noticed Sigmund
  1552 | D:3      | Killed Sigmund
  1552 | D:3      | Reached skill level 5 in Spellcasting
  1552 | D:3      | Reached XP level 4. HP: 24/24 MP: 0/13
  1552 | D:3      | Reached XP level 5. HP: 28/28 MP: 0/14
  1919 | D:3      | Found a snail-covered altar of Cheibriados.
  2169 | D:3      | Reached skill level 5 in Fire Magic
  2169 | D:3      | Reached XP level 6. HP: 32/32 MP: 12/16
  2175 | D:3      | Learned a level 4 spell: Sticky Flame
  2181 | D:3      | Learned a level 5 spell: Fireball
  2306 | D:3      | Found a white marble altar of Elyvilon.
  2653 | D:4      | Found a staircase to the Ecumenical Temple.
  2673 | Temple   | Entered the Ecumenical Temple
  2782 | D:4      | Noticed Grinder
  2806 | D:4      | Paralysed by Grinder for 3 turns
  2818 | D:4      | Killed Grinder
  2818 | D:4      | Reached skill level 6 in Spellcasting
  2818 | D:4      | Reached XP level 7. HP: 11/36 MP: 1/18
  3014 | D:4      | Found an ancient bone altar of Kikubaaqudgha.
  3724 | D:5      | Entered Level 5 of the Dungeon
  3803 | D:5      | Reached skill level 5 in Conjurations
  4010 | D:5      | Reached skill level 7 in Spellcasting
  4238 | D:5      | Noticed Edmund
  4246 | D:5      | Killed Edmund
  4246 | D:5      | Reached XP level 8. HP: 35/41 MP: 6/21
  4400 | D:5      | Noticed Blork the orc
  4404 | D:5      | Killed Blork the orc
  4844 | D:6      | Found a sand-covered staircase.
  4858 | Ossuary  | Entered an ossuary
  4930 | Ossuary  | Reached skill level 1 in Staves
  4930 | Ossuary  | Reached skill level 8 in Spellcasting
  6090 | D:6      | Reached skill level 9 in Spellcasting
  6327 | D:6      | Reached XP level 9. HP: 45/45 MP: 17/24
  7725 | D:7      | Reached skill level 10 in Spellcasting
  8210 | D:7      | Noticed an unseen horror
  8218 | D:7      | Killed an unseen horror
  8392 | D:7      | Found a glowing golden altar of the Shining One.
  8395 | D:7      | Found an iron altar of Okawaru.
  8395 | D:7      | Found a radiant altar of Vehumet.
  8436 | D:7      | Found a sparkling altar of Nemelex Xobeh.
  8485 | D:7      | Became a worshipper of Vehumet
  8774 | D:8      | Reached XP level 10. HP: 50/50 MP: 20/26
  8960 | D:8      | Acquired Vehumet's first power
  8960 | D:8      | Offered knowledge of Sandblast by Vehumet.
  8975 | D:8      | Reached skill level 11 in Spellcasting
  9342 | D:8      | Noticed a centaur zombie
  9395 | D:8      | Killed a centaur zombie
  9395 | D:8      | Reached skill level 10 in Fire Magic
  9732 | D:8      | Found an iron altar of Okawaru.
  9920 | D:8      | Noticed a three-headed hydra
  9935 | D:8      | Killed a three-headed hydra
  9940 | D:8      | Offered knowledge of Freeze by Vehumet.
 10353 | D:9      | Reached skill level 12 in Spellcasting
 10388 | D:9      | Reached skill level 10 in Conjurations
 10573 | D:9      | Noticed Erolcha
 10583 | D:9      | Killed Erolcha
 11305 | D:9      | Reached XP level 11. HP: 54/54 MP: 8/29
 11430 | D:10     | Entered Level 10 of the Dungeon
 11565 | D:10     | Found a sparkling altar of Nemelex Xobeh.
 11671 | D:10     | Noticed a hill giant
 11682 | D:10     | Offered knowledge of Stone Arrow by Vehumet.
 11692 | D:10     | Slain by a hill giant

Action                   |  1- 3 |  4- 6 |  7- 9 | 10-12 || total
-------------------------+-------+-------+-------+-------++-------
Melee: Unarmed           |     9 |       |       |       ||     9
       Dagger            |       |       |    19 |    29 ||    48
       Quarterstaff      |       |       |     4 |     5 ||     9
 Cast: Flame Tongue      |    56 |    64 |   260 |   166 ||   546
       Throw Flame       |     3 |     3 |    56 |    24 ||    86
       Sticky Flame      |       |     2 |    21 |    31 ||    54
       Conjure Flame     |       |       |     7 |     5 ||    12
       Fireball          |       |       |     1 |     4 ||     5
  Use: Scroll            |       |       |    28 |     1 ||    29
       Potion            |       |       |     1 |       ||     1
  Eat: Chunk             |     1 |     5 |    13 |    11 ||    30
       Meat ration       |       |       |     1 |       ||     1
       Fruit             |       |       |     1 |       ||     1
